 Dungeon Crawl Stone Soup version 0.20-a0-1086-g4bd2f5b (webtiles) character file.

1423 kuniqs the Skirmisher (level 8, -5/52 HPs)
             Began as a Gargoyle Fighter on May 1, 2017.
             Slain by an ogre
             ... wielding a +0 giant spiked club
              (15 damage)
             ... on level 5 of the Dungeon.
             The game lasted 00:09:11 (3993 turns).

kuniqs the Skirmisher (Gargoyle Fighter)            Turns: 3993, Time: 00:09:11

Health: -5/52      AC: 15    Str: 21    XL:     8   Next: 72%
Magic:  8/8        EV:  7    Int:  8    God:
Gold:   249        SH:  4    Dex: 11    Spells: 7/7 levels left

rFire    . . .     SeeInvis .   x - +2 whip (elec)
rCold    + . .     Gourm    .   c - +0 buckler
rNeg     + . .     Faith    .   A - +0 chain mail {rPois}
rPois    ∞         Spirit   .   (no helmet)
rElec    +         Reflect  .   (no cloak)
rCorr    .         Harm     .   (no gloves)
MR       .....                  (no boots)
Stlth    ..........             (no amulet)
Regen    0.2/turn               t - ring of protection from cold
MPRegen  0.2/turn               a - -2 ring of evasion (curse)

@: no status effects
A: negative energy resistance 1, electricity resistance, unbreathing,
petrification resistance, rot immunity, AC +5
a: no special abilities


You were on level 5 of the Dungeon.
You were not hungry.

You visited 1 branch of the dungeon, and saw 5 of its levels.

You collected 249 gold pieces.

Inventory:

Hand Weapons
 x - a +2 whip of electrocution (weapon)
Missiles
 s - 2 throwing nets (quivered)
Armour
 c - a +0 buckler (worn)
 A - a +0 chain mail of poison resistance (worn)
Jewellery
 a - a cursed -2 ring of evasion (right hand)
 t - a ring of protection from cold (left hand)
Wands
 y - a wand of flame (33/48)
 B - a wand of polymorph (3/24)
Scrolls
 b - a scroll of remove curse {unknown}
 h - 2 scrolls of enchant armour {unknown}
 j - 2 scrolls of magic mapping {unknown}
 k - a scroll of blinking {unknown}
 m - a scroll of enchant weapon {unknown}
 n - 6 scrolls of teleportation {unknown}
 p - 2 scrolls of fear {unknown}
 q - 4 scrolls of identify {unknown}
 r - 2 scrolls of fog {unknown}
 E - a scroll of noise {unknown}
Potions
 f - 3 potions of might
 g - 5 potions of curing {unknown}
 i - a potion of degeneration {unknown}
 l - 4 potions of agility {unknown}
 o - a potion of mutation {unknown}
 u - a potion of cancellation {unknown}
 v - a potion of flight {unknown}
 w - 4 potions of haste {unknown}
 z - a potion of heal wounds {unknown}
 C - a potion of invisibility {unknown}
Comestibles
 d - 7 bread rations
 e - 3 meat rations


   Skills:
 + Level 6.7 Fighting
 + Level 5.5 Maces & Flails
 + Level 6.6 Armour
 + Level 4.0 Dodging
 + Level 3.2 Shields


You had 7 spell levels left.
You didn't know any spells.

Dungeon Overview and Level Annotations

Branches:
Dungeon (5/15)
 Temple: D:4-7

Altars:
Qazlal
The Shining One

Shops:
D:4 [


Innate Abilities, Weirdness & Mutations

You are resistant to torment.
Your stone body is resilient. (AC +5)
You are immune to poison.
You resist negative energy. (rN+)
You are resistant to electric shocks. (rElec)
You can survive without breathing.
You are immune to petrification.
You are immune to rotting.


Message History

d - 7 bread rations (gained 1)
An ogre comes into view. It is wielding a giant spiked club.
You barely miss the ogre.
The ogre hits you with a giant spiked club!
You completely miss the ogre. You hit the ogre.
Lightning courses through the ogre!
The ogre hits you with a giant spiked club.
You closely miss the ogre. You barely miss the ogre.
The ogre closely misses you.
You barely miss the ogre.
The ogre hits you with a giant spiked club!!
Ouch! That really hurt!
* * * LOW HITPOINT WARNING * * *
You are too injured to fight recklessly!
You are too injured to fight recklessly!
You are too injured to fight recklessly!
You hit the ogre. You completely miss the ogre.
The ogre hits you with a giant spiked club!
You die...

## #.### .## ...#
#.... ..## ...######
##### ...## .........
#...## #........
##...### #........
##....### #........
##.....#### #.O......
##.......####@.......
###.................
###...####........
##### #........
#........ #########
## #. #.


You could see an ogre.

Vanquished Creatures
  Pikel (D:5)
  The ghost of bworf the Cudgeler, an amateur OgAM (D:4)
  Duvessa (D:5)
  An ice beast (D:5)
  Dowan (D:5)
  A howler monkey (D:4)
  An orc priest (D:4)
  An iguana (D:4)
  Natasha (thrice) (D:4)
  2 orc wizards
  3 worker ants
  5 gnolls
  8 adders
  3 oozes
  An adder skeleton (D:5)
  4 worms
  A dart slug (D:2)
  3 leopard geckos
  14 orcs
  10 giant cockroaches
  11 goblins
  6 hobgoblins
  4 jackals (D:1)
  3 quokkas
  A ball python (D:2)
  12 bats
  3 frilled lizards
  8 kobolds
  A leopard gecko zombie (D:5)
  6 rats
120 creatures vanquished.

Vanquished Creatures (others)
  A crimson imp (D:5)
  An orc wizard (D:5)
  An orc (D:5)
  A frilled lizard (D:5)
  A leopard gecko skeleton (D:5)
5 creatures vanquished.

Grand Total: 125 creatures vanquished

Notes
Turn   | Place    | Note
-------+----------+-------------------------------------------
     0 | D:1      | kuniqs the Gargoyle Fighter began the quest for the Orb.
     0 | D:1      | Reached XP level 1. HP: 14/14 MP: 1/1
   169 | D:1      | Reached XP level 2. HP: 19/19 MP: 2/2
   517 | D:1      | Reached XP level 3. HP: 23/23 MP: 3/3
   863 | D:2      | Reached skill level 1 in Dodging
  1033 | D:2      | Reached XP level 4. HP: 27/29 MP: 4/4
  1514 | D:2      | Reached XP level 5. HP: 33/33 MP: 5/5
  1769 | D:3      | Found a faded altar of an unknown god.
  2378 | D:4      | Noticed Natasha
  2384 | D:4      | Killed Natasha
  2451 | D:4      | Found a stormy altar of Qazlal.
  2461 | D:4      | Noticed Natasha
  2468 | D:4      | Killed Natasha
  2468 | D:4      | Reached XP level 6. HP: 30/39 MP: 6/6
  2962 | D:4      | Noticed bworf's ghost (amateur OgAM)
  2980 | D:4      | Killed bworf's ghost
  2980 | D:4      | Reached skill level 5 in Fighting
  2980 | D:4      | Reached skill level 5 in Armour
  2980 | D:4      | Reached XP level 7. HP: 31/44 MP: 7/7
  3017 | D:4      | Found Rihil's Antique Armour Boutique.
  3190 | D:4      | Noticed Natasha
  3203 | D:4      | Killed Natasha
  3345 | D:5      | Entered Level 5 of the Dungeon
  3365 | D:5      | Noticed Pikel
  3384 | D:5      | Killed Pikel
  3384 | D:5      | Reached skill level 5 in Maces & Flails
  3384 | D:5      | Reached XP level 8. HP: 36/52 MP: 8/8
  3563 | D:5      | Noticed Duvessa
  3564 | D:5      | Noticed Dowan
  3584 | D:5      | Killed Dowan
  3596 | D:5      | Killed Duvessa
  3680 | D:5      | Found a glowing golden altar of the Shining One.
  3993 | D:5      | Slain by an ogre

Vault maps used:
D:1:      noname_arrival_rooms_in_the_neighbourhood
D:2:      kennysheep_six_static_rooms, roderic_three_in_a_row, st_stairs_12
D:3:      chequers_ecumenical_altar_simple_redux
D:4:      grunt_qazlal_clouds, first_bread, serial_shops, nicolae_shop_trees,
          minmay_small_thing, uniq_natasha
D:5:      kennysheep_little_box, serial_curves, eino_curves_01, eino_curves_01,
          uniq_blork_the_orc, uniq_duvessa, uniq_pikel

Skill      XL: |  1  2  3  4  5  6  7  8 |
---------------+-------------------------+-----
Dodging        | 1 2 3 4 |  4.0
Armour         | 4 5 6 |  6.6
Fighting       | 4 5 6 |  6.7
Maces & Flails | 3 4 5 |  5.5
Shields        | |  3.2

Action                   |  1- 3 |  4- 6 |  7- 9 || total
-------------------------+-------+-------+-------++-------
Melee: Flail             |   109 |   246 |    14 ||   369
       Dagger            |       |    17 |    39 ||    56
       Whip              |       |       |    49 ||    49
       Unarmed           |       |       |     8 ||     8
  Use: Potion            |       |     1 |       ||     1
 Stab: Confused          |       |       |     2 ||     2
  Eat: Chunk             |     1 |     6 |     4 ||    11
Armor: Scale mail        |    68 |    46 |       ||   114
       Chain mail        |       |    97 |    47 ||   144
Dodge: Dodged            |    56 |   119 |    28 ||   203
Block: Buckler           |    30 |    51 |    12 ||    93
